 Seeded DCSS version 0.25.1-11-g244df3a29b (webtiles) character file.

Game seed: 9335348854215055592 (custom seed)

1644252 tkbsonic5 the Slayer (level 27, 176/176 HPs)
             Began as a Gargoyle Fighter on Jan 26, 2023.
             Was a High Priest of Trog.
             Escaped with the Orb
             ... and 3 runes on Apr 5, 2023!
             The game lasted 06:58:44 (72591 turns).

tkbsonic5 the Slayer (Gargoyle Fighter)            Turns: 72591, Time: 06:58:45

Health: 176/176    AC: 57    Str: 29 (30) XL:     27
Magic:  36/36      EV: 15    Int: 15      God:    Trog [*****.]
Gold:   1593       SH:  0    Dex: 11 (12) Spells: 27/27 levels left

rFire    + + .     SeeInvis .   q - +7 pair of quick blades "Gyre" and "Gimble" {protect}
rCold    + + +     Gourm    .   (shield currently unavailable)
rNeg     + + .     Faith    +   H - +10 plate armour {rC+}
rPois    ∞         Spirit   +   D - +2 hat of the Bear Spirit {Spirit, +Rage rN+ MR++}
rElec    +         Reflect  .   S - +2 cloak {rCorr}
rCorr    +         Harm     .   p - +4 pair of gloves of the Echidna {rF++ Str+3}
MR       ++++.     Clarity  +   G - +0 pair of boots of Nuebluza {rC+ Regen+ Int+3}
Stlth    ..........             Z - amulet of Osafeimn {Faith +Inv rElec Slay+5 Stlth-}
HPRegen  0.79/turn              O - ring of ice
MPRegen  0.25/turn              y - ring of protection from fire

@: flying
A: big wings, clarity, deformed body, frail 1, mutation resistance 1, negative
energy resistance 1, electricity resistance, unbreathing, petrification
resistance, rot immunity, AC +20
0: Orb of Zot
}: 3/15 runes: serpentine, barnacled, slimy
a: Stop Flying, Berserk, Trog's Hand, Brothers in Arms, Renounce Religion, Evoke
Berserk Rage, Evoke Invisibility


You escaped.
You worshipped Trog.
Trog was extremely pleased with you.
You were full.

You visited 10 branches of the dungeon, and saw 52 of its levels.
You visited the Abyss 1 time.
You visited 1 ziggurat, and saw 1 of its levels.

You collected 8657 gold pieces.
You spent 7064 gold pieces at shops.

Inventory:

Hand Weapons
 q - the +7 pair of quick blades "Gyre" and "Gimble" (weapon) {protect}
   (You found it on level 4 of the Dungeon)

   It grants its wielder temporary protection when it strikes (+7 to AC).
 N - a +4 arbalest of flaming
Missiles
 g - 77 boomerangs (quivered)
 u - 10 curare-tipped darts
 J - a javelin
 Q - 1110 bolts
Armour
 p - the +4 pair of gloves of the Echidna (worn) {rF++ Str+3}
   (You acquired it on level 2 of the Depths)

   It affects your strength (+3).
   It greatly protects you from fire.
 r - the +4 moon troll leather armour {Spirit, Regen++ MP+5}
   (You bought it in a shop on level 13 of the Dungeon)

   It affects your magic capacity (+5).
   It increases your rate of regeneration.
 D - the +2 hat of the Bear Spirit (worn) {Spirit, +Rage rN+ MR++}
   (You found it on level 1 of the Depths)

   It protects you from negative energy.
   It affects your resistance to hostile enchantments.
   It lets you go berserk.
 G - the +0 pair of boots of Nuebluza (worn) {rC+ Regen+ Int+3}
   (You acquired it on level 2 of the Depths)

   It affects your intelligence (+3).
   It protects you from cold.
   It increases your rate of regeneration.
 H - a +10 plate armour of cold resistance (worn)
 S - a +2 cloak of preservation (worn)
Jewellery
 h - an uncursed amulet of regeneration
 n - an uncursed ring of protection from fire
 o - an uncursed ring of see invisible
 y - a ring of protection from fire (right hand)
 F - the ring of Generosity {rPois Int+4 Dex+3 Stlth-}
   (You found it on level 5 of the Pits of Slime)

   [ring of attention]

   It affects your intelligence (+4).
   It affects your dexterity (+3).
   It protects you from poison.
   It makes you less stealthy.
 I - an uncursed ring of resist corrosion
 L - an uncursed ring of protection from magic
 O - a ring of ice (left hand)
 V - the ring "Voaxzam" {MR+ Dex+4 Stlth-}
   (You took it off a deep elf mage on level 2 of the Elven Halls)

   [ring of attention]

   It affects your dexterity (+4).
   It affects your resistance to hostile enchantments.
   It makes you less stealthy.
 X - an uncursed ring of positive energy
 Z - the amulet of Osafeimn (around neck) {Faith +Inv rElec Slay+5 Stlth-}
   (You found it on level 5 of the Pits of Slime)

   [amulet of faith]

   It allows you to gain divine favour quickly.
   It affects your accuracy and damage with ranged weapons and melee attacks
   (+5).
   It insulates you from electricity.
   It lets you turn invisible.
   It makes you less stealthy.
Wands
 d - a wand of iceblast (10)
 i - a wand of flame (14)
 j - a wand of paralysis (5)
 v - a wand of digging (18)
 x - a wand of polymorph (7)
 C - a wand of disintegration (26)
Scrolls
 b - 10 scrolls of fear
 c - a scroll of identify
 k - 17 scrolls of remove curse
 l - a scroll of silence
 t - 13 scrolls of teleportation
 R - a scroll of magic mapping
Potions
 a - 2 potions of might
 m - 12 potions of curing
 s - 3 potions of cancellation
 w - 7 potions of ambrosia
 z - 2 potions of heal wounds
 B - a potion of resistance
 Y - a potion of stabbing
Miscellaneous
 e - a phial of floods
 M - a tin of tremorstones (3/3)
 P - a lightning rod (4/4)
Comestibles
 f - 31 rations


   Skills:
 * Level 26.5 Fighting
 - Level 9.8(10.6) Short Blades
   Level 6.4(9.0) Long Blades
   Level 3.8 Maces & Flails
 - Level 18.0 Crossbows
 * Level 14.2 Throwing
 - Level 18.5 Armour
 + Level 15.6 Dodging
 - Level 9.0 Stealth
   Level 3.2 Shields
 - Level 0.8 Spellcasting
 * Level 18.2 Evocations


You had 27 spell levels left.
You didn't know any spells.
Your spell library contained the following spells:

 Spells                   Type           Power        Failure   Level  Hunger
 Magic Dart               Conj           #...         75%         1    ##.....
 Blink                    Tloc           N/A          87%         2    ###....
 Call Imp                 Summ           #.......     87%         2    ###....
 Slow                     Hex            #.......     87%         2    ###....
 Conjure Flame            Conj/Fire      #.......     98%         3    ####...
 Mephitic Cloud           Conj/Pois/Air  #.......     98%         3    ####...


Dungeon Overview and Level Annotations

Branches:
Dungeon (15/15)            Temple (0/1) D:5            Lair (6/6) D:11
 Shoals (4/4) Lair:4        Snake (4/4) Lair:4        Slime (5/5) Lair:5
    Orc (2/2) D:12            Elf (2/3) Orc:2        Vaults (4/5) D:13
  Crypt (0/3) Vaults:2     Depths (5/5) D:15            Zot (5/5) Depths:5

Altars:
Ashenzari
Fedhas
Hepliaklqana
Kikubaaqudgha
Okawaru
Ru
Trog
Vehumet
The Shining One
Jiyva
Lugonu

Shops:
D:4 ?   D:5 *   D:8 (   D:13 ([   Orc:2 ?:[(   Elf:1 }   Shoals:3 ?[}*(
Snake:4 ?   Vaults:4 !   Depths:5 (

Portals:
Hell: Depths:1 Depths:2 Depths:3 Depths:4 Depths:5
Abyss: Depths:3 Depths:4
Pandemonium: Depths:1 Depths:3
Trove: Vaults:4 (give horn of Geryon)

Annotations:
Lair:1 3 runed translucent doors, 0gre's ghost, journeyman GnIE


Innate Abilities, Weirdness & Mutations

You are resistant to torment.
Your stone body is resilient. (AC +20)
You are immune to poison.
Your large and strong wings let you fly indefinitely.
You resist negative energy. (rN+)
You are resistant to electric shocks. (rElec)
You can survive without breathing.
You are immune to petrification.
You are immune to rotting.
You possess an exceptional clarity of mind.
Armour fits poorly on your strangely shaped body.
You are frail. (-10% HP)
You are somewhat resistant to further mutation.


Message History

The hell beast bites you but does no damage.
The hell beast tramples you but does no damage.
The hell beast bites you but does no damage.
The hell beast tramples you but does no damage.
The hell beast bites you but does no damage.
The hell beast misses you. The hell beast closely misses you.
The hell beast tramples you but does no damage.
The hell beast bites you but does no damage.
The hell beast barely misses you.
The hell beast bites you but does no damage.
The hell beast tramples you but does no damage.
The hell beast bites you but does no damage.
The hell beast tramples you but does no damage.
There is a staircase leading out of the dungeon here.
The hell beast completely misses you.
The hell beast tramples you but does no damage.
The hell beast misses you.
The hell beast tramples you but does no damage.
You have escaped!

.......#########.# ##..#
# .......# ##.## #..#
..###### ##...##
#..####### ..# ##.....##
#......... ..#
##(......## #.........
..#
##.........###.........
..#
##....≈≈≈....##......÷..
###
#....≈...≈...##..#######
#....≈.@.≈....#..#......
#....≈.2.≈..###..#......
##....≈≈≈....##..#......
##.........###..#......
##......### #..#......
##.....# #..#......
##...## ##..#......
##.## #..........
#.######.#>.......


You could see a hell beast.

Vanquished Creatures
  the Royal Jelly (Slime:5)
  3 orbs of fire (Zot:5)
  Tiamat (Zot:1)
  Mara (Depths:3)
  Sojobo (Depths:3)
  Bai Suzhen (Depths:2)
  4 Killer Klowns
  Frederick (Vaults:3)
  Xtahua (Vaults:3)
  6 caustic shrikes
  2 curse toes
  Nikola (Elf:1)
  7 golden dragons
  the Enchantress (Depths:2)
  A bone dragon (Depths:5)
  A lich (Depths:1)
  An Ice Fiend (Depths:5)
  2 electric golems
  25 Orb Guardians
  13 tentacled monstrosities
  7 quicksilver dragons
  A deep elf blademaster (Elf:2)
  15 acid blobs
  5 death cobs
  3 titans
  Agnes (Elf:2)
  Polyphemus (Shoals:3)
  5 sphinxes
  Kirke (Lair:6)
  5 shadow dragons
  Roxanne (Elf:1)
  Ilsuiw (Shoals:2)
  3 tengu reavers
  6 draconian monks
  6 fire giants
  5 azure jellies
  10 nagarajas
  11 storm dragons
  5 frost giants
  10 draconian knights
  4 deep elf sorcerers
  3 ghost moths
  7 draconian scorchers
  Aizul (Shoals:4)
  6 vault wardens
  A cacodemon (Depths:1)
  An angel (Depths:4)
  2 draconian stormcallers (Zot:2)
  5 spriggan defenders (Depths:2)
  2 draconian shifters
  10 ironheart preservers
  7 draconian annihilators
  6 caustic shrike skeletons (Depths:2)
  5 very ugly things
  12 stone giants
  2 entropy weavers
  Azrael (D:11)
  10 green draconians
  11 yellow draconians
  15 purple draconians
  6 black draconians
  3 lorocyprocas
  A vampire knight (Depths:3)
  A spark wasp (Depths:3)
  A dire elephant (Depths:2)
  13 red draconians
  7 white draconians
  5 merfolk javelineers
  14 ettins
  7 fire dragons
  8 yaktaur captains
  Josephine (D:12)
  6 merfolk impalers
  A deep elf high priest (Depths:3)
  13 ogre magi
  11 vault guards
  8 ice dragons
  12 great orbs of eyes
  20 naga warriors
  7 hydras
  4 rakshasas
  7 spriggan air magi
  A merfolk aquamancer (Shoals:4)
  8 anacondas
  6 satyrs
  An alligator snapping turtle (Shoals:3)
  11 centaur warriors
  2 catoblepae (Vaults:2)
  A monstrous demonspawn (Depths:3)
  31 dancing weapons
  33 two-headed ogres
  11 deep troll earth magi
  A death knight (Vaults:4)
  An anaconda (shapeshifter) (Vaults:2)
  9 deep troll shamans
  9 death yaks
  7 tengu warriors
  2 titan zombies (Depths:4)
  2 vampire magi (Vaults:2)
  15 deep elf knights
  19 naga sharpshooters
  Sonja (D:12)
  A soul eater (Depths:1)
  6 shock serpents
  Urug (D:11)
  A shock serpent (shapeshifter) (Depths:3)
  2 shadow wraiths (Vaults:4)
  6 spriggan berserkers
  5 large abominations (Depths:4)
  An iron troll (Depths:3)
  6 salamander mystics
  2 sixfirhies
  2 flayed ghosts (Vaults:4)
  5 spriggan druids (Depths:2)
  2 unseen horrors
  A glowing orange brain (shapeshifter) (D:11)
  25 deep trolls
  20 sea snakes
  5 naga ritualists
  18 harpies
  5 wizards
  A torturous demonspawn (Depths:1)
  13 ironbrand convokers
  A lindwurm (Lair:6)
  12 deep elf archers
  A glowing orange brain (Depths:4)
  4 phantasmal warriors
  12 orc knights
  4 necromancers
  40 ugly things
  A shadow dragon skeleton (Vaults:4)
  61 deep elf magi
  5 wolf spiders
  2 shining eyes
  11 manticores
  12 fauns
  2 orc sorcerers (Orc:2)
  A manticore (shapeshifter) (Depths:2)
  27 moths of wrath
  9 mana vipers
  20 salamanders
  Maurice (D:11)
  10 cyclopes
  8 elephants (Lair:5)
  A fire giant skeleton (Depths:4)
  15 guardian serpents
  A moth of wrath (shapeshifter) (D:14)
  5 water nymphs
  5 merfolk sirens
  A guardian serpent (shapeshifter) (Vaults:1)
  2 rust devils
  43 black mambas
  A human skeleton (Vaults:4)
  A black mamba (shapeshifter) (Vaults:3)
  3 molten gargoyles (Lair:6)
  2 gargoyles
  25 naga magi
  2 eyes of devastation
  Joseph (D:9)
  13 vault sentinels
  19 spiny frogs
  A redback zombie (D:15)
  12 komodo dragons
  2 centaur skeletons
  A rime drake (Lair:4)
  A yaktaur zombie (Vaults:4)
  A hellion (Depths:1)
  A rime drake (shapeshifter) (Elf:2)
  A yaktaur (shapeshifter) (Vaults:3)
  29 yaktaurs
  An efreet (D:14)
  5 tengu conjurers
  2 freezing wraiths
  7 trolls
  A hellwing (Depths:3)
  2 jumping spiders (shapeshifter)
  A yaktaur skeleton (Vaults:4)
  A queen bee (Snake:3)
  26 merfolk
  17 hornets
  A wolf spider simulacrum (D:14)
  A polar bear (Lair:6)
  4 wind drakes
  4 blink frogs (Lair:1)
  11 hippogriffs
  A meliai zombie (D:15)
  Grinder (D:4)
  A dream sheep (shapeshifter) (Elf:2)
  75 slime creatures
  10 snapping turtles
  17 dream sheep
  2 ynoxinuls
  Sigmund (D:4)
  A tarantella (shapeshifter) (Depths:1)
  12 wyverns
  13 water elementals
  An air elemental (Elf:1)
  5 wraiths
  5 fire elementals
  42 spriggans
  3 shadows
  7 basilisks
  2 hogs (Lair:6)
  34 yaks
  A fire bat (shapeshifter) (Elf:2)
  7 golden eyes (Slime:5)
  Grum (D:9)
  2 steam dragons (Lair:6)
  2 chaos spawn
  A hungry ghost (D:10)
  4 vampire mosquitoes (D:15)
  3 wargs
  A naga (shapeshifter) (Vaults:2)
  45 nagas
  7 hell hounds
  2 acid dragons
  12 porcupines
  An acid dragon (shapeshifter) (Vaults:2)
  14 water moccasins
  A porcupine (shapeshifter) (D:15)
  4 ice beasts
  7 small abominations (Depths:4)
  40 orc warriors
  4 black bears
  3 sky beasts
  A necrophage (D:12)
  28 ogres
  3 phantoms
  An eye of draining (D:11)
  31 boggarts
  32 wolves
  A wolf (shapeshifter) (Depths:3)
  35 centaurs
  9 crocodiles
  A big kobold (D:10)
  Blork the orc (D:4)
  13 bullfrogs
  2 earth elementals (Elf:2)
  A gnoll sergeant (D:7)
  A wyvern zombie (D:10)
  7 scorpions
  2 water moccasin skeletons
  11 killer bees
  13 wights
  12 howler monkeys
  8 crimson imps
  2 electric eels
  A bullfrog zombie (D:7)
  3 centaur zombies
  5 lava snakes (Lair:6)
  8 hounds
  4 jellies
  10 orc priests
  4 bullfrog skeletons
  Crazy Yiuf (D:4)
  2 iron imps
  11 worker ants
  3 iguanas
  22 orc wizards
  A hound zombie (D:4)
  2 worker ant zombies (D:6)
  10 gnolls
  15 adders
  5 shadow imps
  13 white imps
  2 oozes
  An adder skeleton (D:7)
  A worm (D:3)
  A dart slug (D:1)
  9 leopard geckos
  66 orcs
  2 ball pythons
  2 giant cockroaches
  19 goblins
  4 hobgoblins
  8 jackals
  A quokka (D:8)
  A ball python skeleton (D:2)
  9 bats
  6 frilled lizards
  2 goblin skeletons (D:6)
  A goblin zombie (D:6)
  3 hobgoblin zombies (D:6)
  5 kobolds
  A kobold zombie (D:6)
  An orc zombie (D:6)
  A quokka skeleton (D:6)
  8 rats
  A plant (Shoals:4)
2144 creatures vanquished.

Vanquished Creatures (collateral kills)
  An orb of fire (Zot:5)
  2 ancient liches (Zot:5)
  A Killer Klown (Zot:5)
  A caustic shrike (Depths:4)
  A lich (Depths:5)
  An electric golem (Zot:5)
  2 nagarajas (Snake:4)
  A draconian monk (Zot:1)
  2 draconian knights (Zot:2)
  A draconian shifter (Zot:2)
  A draconian annihilator (Zot:2)
  A stone giant (Depths:5)
  An ironheart preserver (Vaults:4)
  A purple draconian (Zot:1)
  A white draconian (Zot:1)
  A red draconian (Zot:1)
  A merfolk javelineer (Shoals:4)
  A yaktaur captain (Depths:2)
  An alligator snapping turtle (Shoals:3)
  3 two-headed ogres
  A catoblepas (Shoals:3)
  An ogre mage (Vaults:3)
  2 naga sharpshooters (Snake:4)
  A gelid demonspawn (Depths:3)
  A naga ritualist (Snake:4)
  2 spriggan druids (Depths:2)
  2 deep trolls
  A wizard (Vaults:3)
  2 deep elf magi (Vaults:4)
  A mana viper (Snake:4)
  2 ugly things
  3 salamanders (Snake:4)
  2 black mambas (Snake:4)
  2 moths of wrath (Zot:1)
  A toenail golem (Zot:5)
  5 merfolk (Shoals:4)
  2 wraiths (D:12)
  4 yaks (Depths:2)
  A fire elemental (D:12)
  3 nagas (Snake:1)
  A gnoll sergeant (D:12)
  An orc priest (D:12)
  2 gnolls (D:12)
  A shadow imp (D:12)
69 creatures vanquished.

Vanquished Creatures (others)
  A shadow dragon (Zot:5)
  2 tengu reavers (Depths:3)
  A fire giant (Depths:3)
  A fire dragon (Depths:5)
  A great orb of eyes (Depths:3)
  A vampire mage (Depths:5)
  A deep elf mage (Elf:1)
  A yaktaur (Depths:3)
  A spriggan (Depths:2)
  An orc warrior (Vaults:2)
  A sky beast (D:13)
  An ogre (Vaults:3)
  An orc wizard (D:12)
  2 orcs
  3 fungi (Lair:5)
  21 plants
40 creatures vanquished.

Grand Total: 2253 creatures vanquished

Notes
Turn   | Place    | Note
-------+----------+-------------------------------------------
     0 | D:1      | tkbsonic5 the Gargoyle Fighter began the quest for the Orb.
     0 | D:1      | Reached XP level 1. HP: 14/14 MP: 1/1
   214 | D:1      | Reached XP level 2. HP: 19/19 MP: 2/2
   315 | D:1      | Reached XP level 3. HP: 23/24 MP: 3/3
   318 | D:1      | Reached skill level 4 in Fighting
   883 | D:2      | Reached XP level 4. HP: 30/30 MP: 4/4
  1156 | D:2      | You fall into a shaft and drop 2 floors!
  1156 | D:4      | Found Tewneg's Magic Scroll Shop.
  1172 | D:4      | Bought a scroll of identify for 24 gold pieces
  1172 | D:4      | Bought 2 scrolls of identify for 48 gold pieces
  1172 | D:4      | Bought a scroll of teleportation for 36 gold pieces
  1172 | D:4      | Bought a scroll of teleportation for 36 gold pieces
  1198 | D:4      | Reached XP level 5. HP: 33/34 MP: 5/5
  1202 | D:4      | Found the +7 pair of quick blades "Gyre" and "Gimble"
                  | {protect}
  1234 | D:4      | Noticed Blork the orc
  1243 | D:4      | Reached skill level 5 in Fighting
  1256 | D:4      | Killed Blork the orc
  1256 | D:4      | Reached skill level 1 in Short Blades
  1270 | D:4      | Reached XP level 6. HP: 18/40 MP: 6/6
  1478 | D:4      | Noticed Sigmund
  1488 | D:4      | Killed Sigmund
  1488 | D:4      | Reached skill level 6 in Fighting
  1488 | D:4      | Reached XP level 7. HP: 47/47 MP: 7/7
  1867 | D:4      | Noticed Grinder
  1867 | D:4      | Paralysed by Grinder for 2 turns
  1875 | D:4      | Killed Grinder
  1875 | D:4      | Reached skill level 7 in Fighting
  1875 | D:4      | Reached skill level 1 in Throwing
  1950 | D:4      | Found an iron altar of Okawaru.
  1998 | D:4      | Found a runed translucent door.
  1999 | D:4      | Noticed Crazy Yiuf
  2151 | D:4      | Killed Crazy Yiuf
  2294 | D:3      | Reached XP level 8. HP: 53/53 MP: 8/8
  2386 | D:3      | Found a hazy altar of Hepliaklqana.
  2389 | D:3      | Found a blossoming altar of Fedhas.
  2392 | D:3      | Found a bloodstained altar of Trog.
  2410 | D:3      | Became a worshipper of Trog the Wrathful
  2680 | D:5      | Entered Level 5 of the Dungeon
  2808 | D:5      | Found a staircase to the Ecumenical Temple.
  2990 | D:5      | Reached skill level 5 in Short Blades
  3113 | D:5      | Found Saosiamyl's Assorted Antiques.
  3118 | D:5      | Bought a scroll labeled LONUKY QAOPU for 24 gold pieces
  3118 | D:5      | Bought a potion of curing for 72 gold pieces
  3118 | D:5      | Bought a potion of curing for 72 gold pieces
  3141 | D:5      | Reached skill level 8 in Fighting
  3253 | D:5      | Reached * piety under Trog
  3704 | D:6      | Reached XP level 9. HP: 52/60 MP: 9/9
  3864 | D:6      | Found a glowing golden altar of the Shining One.
  4295 | D:6      | Reached skill level 9 in Fighting
  4599 | D:7      | Found a flagged portal.
  4603 | D:7      | Reached ** piety under Trog
  4892 | D:7      | Reached skill level 10 in Fighting
  4957 | D:7      | Found an ancient bone altar of Kikubaaqudgha.
  5468 | D:8      | Found Muiret's Weapon Boutique.
  5517 | D:8      | Reached XP level 10. HP: 68/68 MP: 10/10
  5768 | D:8      | Reached skill level 11 in Fighting
  5784 | D:8      | Reached *** piety under Trog
  6020 | D:9      | Noticed Joseph
  6035 | D:9      | Killed Joseph
  6127 | D:9      | Identified a scroll of acquirement
  6127 | D:9      | Acquired a manual of Fighting
  6598 | D:9      | Reached skill level 12 in Fighting
  6758 | D:9      | Noticed Grum
  6764 | D:9      | Killed Grum
  6974 | D:9      | Reached skill level 13 in Fighting
  7112 | D:10     | Entered Level 10 of the Dungeon
  7114 | D:10     | Reached XP level 11. HP: 78/78 MP: 11/11
  7166 | D:10     | Reached **** piety under Trog
  7311 | D:10     | Reached skill level 1 in Dodging
  7505 | D:10     | Reached skill level 1 in Evocations
  7951 | D:11     | Noticed a white ugly thing
  7960 | D:11     | Killed a white ugly thing
  8329 | D:11     | Noticed Urug
  8346 | D:11     | Killed Urug
  8457 | D:11     | Noticed Maurice
  8460 | D:11     | Noticed a tengu warrior
  8467 | D:11     | Killed Maurice
  8467 | D:11     | Reached skill level 5 in Armour
  8482 | D:11     | Killed a tengu warrior
  8482 | D:11     | Reached skill level 14 in Fighting
  8496 | D:11     | Noticed a two-headed ogre
  8503 | D:11     | Killed a two-headed ogre
  8821 | D:11     | Noticed a glowing orange brain
  8829 | D:11     | Killed a glowing orange brain
  9002 | D:11     | Reached skill level 5 in Throwing
  9077 | D:11     | Reached XP level 12. HP: 86/86 MP: 13/13
  9090 | D:11     | Reached ***** piety under Trog
  9180 | D:11     | Found a staircase to the Lair.
  9191 | Lair:1   | Entered Level 1 of the Lair of Beasts
  9223 | Lair:1   | Noticed a four-headed hydra
  9229 | Lair:1   | Killed a four-headed hydra
  9272 | Lair:1   | Reached skill level 15 in Fighting
  9533 | Lair:1   | Received a gift from Trog
  9607 | Lair:1   | Found a runed translucent gate.
  9607 | Lair:1   | Found a runed translucent gate.
  9607 | Lair:1   | Found a runed translucent gate.
  9897 | Lair:1   | Noticed a minotaur
  9913 | Lair:1   | Noticed 0gre's ghost (journeyman GnIE)
 10183 | Lair:2   | Reached skill level 5 in Dodging
 10392 | Lair:2   | Got an ichor-stained chain mail
 10404 | Lair:2   | Identified the cursed +1 chain mail of Xom's Respect
                  | {Str+4} (You found it on level 2 of the Lair of Beasts)
 10464 | Lair:2   | Noticed a five-headed hydra
 10478 | Lair:2   | Killed a five-headed hydra
 10753 | Lair:2   | Reached XP level 13. HP: 90/93 MP: 16/16
 11340 | Lair:3   | Reached skill level 16 in Fighting
 12047 | Lair:4   | Found a staircase to the Snake Pit.
 12439 | Lair:4   | Received a gift from Trog
 12653 | Lair:4   | Found a staircase to the Shoals.
 13032 | Lair:5   | Found a frozen archway.
 13077 | Lair:5   | Reached skill level 5 in Evocations
 13179 | Lair:5   | Got a faintly glowing cloak
 13197 | Lair:5   | Identified the +2 cloak of Card Tricks {Harm rCorr MP+9}
                  | (You found it on level 5 of the Lair of Beasts)
 13494 | Lair:5   | Gained mutation: Your large and strong wings let you fly
                  | indefinitely. [Gargoyle growth]
 13494 | Lair:5   | Reached XP level 14. HP: 100/100 MP: 17/17
 13497 | Lair:5   | Reached skill level 17 in Fighting
 13498 | Lair:5   | Found a staircase to the Slime Pits.
 13500 | Lair:5   | Found a viscous altar of Jiyva.
 13827 | Lair:6   | Entered Level 6 of the Lair of Beasts
 13848 | Lair:6   | Reached skill level 10 in Armour
 14166 | Lair:6   | Noticed Kirke
 14182 | Lair:6   | Killed Kirke
 14639 | Lair:6   | Received a gift from Trog
 14645 | Lair:6   | Got a brightly glowing falchion
 14646 | Lair:6   | Identified the +5 falchion of Disembowelment {freeze, rPois
                  | MR+ Int+2} (You found it on level 6 of the Lair of Beasts)
 14817 | Lair:6   | Found a large runed translucent door.
 15115 | Lair:6   | Found a large runed translucent door.
 15877 | D:12     | Noticed Sonja
 15887 | D:12     | Noticed Azrael
 15905 | D:11     | Killed Azrael
 16333 | D:12     | Noticed Josephine
 16347 | D:12     | Killed Josephine
 16347 | D:12     | Reached skill level 1 in Long Blades
 16360 | D:12     | Received a gift from Trog
 16517 | D:12     | Reached XP level 15. HP: 47/107 MP: 19/19
 16973 | D:12     | Killed Sonja
 16995 | D:12     | Found a staircase to the Orcish Mines.
 17569 | D:13     | Found Nuylud's Armour Shoppe.
 17572 | D:13     | Bought the +4 moon troll leather armour {Spirit, Regen++
                  | MP+5} for 708 gold pieces
 17572 | D:13     | Found the +4 moon troll leather armour {Spirit, Regen++
                  | MP+5}
 17572 | D:13     | Bought a +3 plate armour of cold resistance for 585 gold
                  | pieces
 17835 | D:13     | Found Cepif's Food Emporium.
 17893 | D:13     | Found Mepuof's Antique Weapon Shoppe.
 17906 | D:13     | Found a gate to the Vaults.
 18638 | D:14     | Found an ancient bone altar of Kikubaaqudgha.
 19045 | D:14     | Reached skill level 18 in Fighting
 19295 | D:15     | Entered Level 15 of the Dungeon
 19333 | D:15     | Received a gift from Trog
 19598 | D:15     | Found a sacrificial altar of Ru.
 20076 | D:15     | Found a staircase to the Depths.
 20310 | D:15     | Reached XP level 16. HP: 115/115 MP: 22/22
 20397 | Orc:1    | Entered Level 1 of the Orcish Mines
 20549 | Orc:2    | Entered Level 2 of the Orcish Mines
 20585 | Orc:2    | Received a gift from Trog
 20689 | Orc:2    | Found a staircase to the Elven Halls.
 20865 | Orc:2    | Reached skill level 5 in Long Blades
 21082 | Orc:2    | Found Koboniug's Armour Boutique.
 21082 | Orc:2    | Found Xora Or Zysh's Book Shoppe.
 21084 | Orc:2    | Found Icoluoma's Magic Scroll Emporium.
 21086 | Orc:2    | Found Exoneze's Antique Weapon Shop.
 21095 | Orc:2    | Bought a scroll of identify for 34 gold pieces
 21095 | Orc:2    | Bought a scroll of identify for 34 gold pieces
 21095 | Orc:2    | Bought a scroll of enchant armour for 127 gold pieces
 21095 | Orc:2    | Bought a scroll of teleportation for 51 gold pieces
 21095 | Orc:2    | Bought a scroll of blinking for 127 gold pieces
 21095 | Orc:2    | Bought a scroll of teleportation for 51 gold pieces
 21095 | Orc:2    | Bought a scroll of teleportation for 51 gold pieces
 21791 | Snake:1  | Entered Level 1 of the Snake Pit
 22548 | Snake:1  | Reached skill level 10 in Dodging
 22874 | Snake:1  | Reached ****** piety under Trog
 23476 | Snake:1  | Reached skill level 1 in Crossbows
 23717 | Snake:2  | Received a gift from Trog
 24014 | Snake:2  | Reached skill level 1 in Stealth
 24307 | Snake:2  | Reached XP level 17. HP: 82/120 MP: 19/23
 24867 | Snake:3  | Reached skill level 19 in Fighting
 25086 | Snake:3  | Received a gift from Trog
 25811 | Snake:4  | Entered Level 4 of the Snake Pit
 25824 | Snake:4  | Reached skill level 5 in Stealth
 26473 | Snake:4  | Found Moedogy's Magic Scroll Emporium.
 26488 | Snake:4  | Bought 2 scrolls of enchant armour for 300 gold pieces
 26488 | Snake:4  | Bought a scroll of enchant armour for 150 gold pieces
 26488 | Snake:4  | Bought a scroll of enchant weapon for 150 gold pieces
 26488 | Snake:4  | Bought a scroll of enchant armour for 150 gold pieces
 26549 | Snake:4  | Received a gift from Trog
 26558 | Snake:4  | Reached XP level 18. HP: 128/128 MP: 25/25
 27146 | Snake:3  | Reached skill level 5 in Crossbows
 27257 | Snake:4  | Received a gift from Trog
 27430 | Snake:3  | Reached skill level 10 in Evocations
 27936 | Snake:4  | Got a serpentine rune of Zot
 28385 | Shoals:1 | Entered Level 1 of the Shoals
 29310 | Shoals:2 | Reached skill level 20 in Fighting
 29474 | Shoals:2 | Received a gift from Trog
 29687 | Shoals:2 | Noticed Ilsuiw
 29767 | Shoals:2 | Killed Ilsuiw
 30199 | Shoals:2 | Reached XP level 19. HP: 135/135 MP: 26/26
 30740 | Shoals:3 | Found Ijotsif's Gadget Shop.
 30872 | Shoals:3 | Found Kumemm's Armour Shoppe.
 31321 | Shoals:3 | Noticed Polyphemus
 31342 | Shoals:3 | Found Affeef's Weapon Emporium.
 31359 | Shoals:3 | Killed Polyphemus
 31366 | Shoals:3 | Found Ishof's General Store.
 31421 | Shoals:3 | Bought a wand of acid (10) for 504 gold pieces
 31943 | Shoals:3 | Found Sehick's Magic Scroll Shoppe.
 31952 | Shoals:3 | Bought a scroll of teleportation for 48 gold pieces
 32144 | Shoals:4 | Entered Level 4 of the Shoals
 32158 | Shoals:4 | Received a gift from Trog
 32604 | Shoals:4 | Noticed Aizul
 32622 | Shoals:4 | Killed Aizul
 32841 | Shoals:4 | Got a barnacled rune of Zot
 33151 | Vaults:1 | Entered Level 1 of the Vaults
 33759 | Vaults:1 | Reached skill level 15 in Armour
 33826 | Vaults:1 | Received a gift from Trog
 35358 | Vaults:2 | Noticed a tentacled monstrosity
 35368 | Vaults:2 | Killed a tentacled monstrosity
 35523 | Vaults:2 | Received a gift from Trog
 35533 | Vaults:2 | Reached XP level 20. HP: 105/142 MP: 28/28
 35667 | Vaults:2 | Reached skill level 21 in Fighting
 36144 | Vaults:2 | Identified the +1 leather armour of the Constellations {MR+
                  | Str+3 Int+2}
 37930 | Vaults:2 | Received a gift from Trog
 37946 | Vaults:2 | Got a polished mace {god gift}
 38230 | Vaults:2 | Found a staircase to the Crypt.
 38625 | Vaults:3 | Reached skill level 10 in Throwing
 38940 | Vaults:3 | Noticed a golden dragon
 38992 | Vaults:3 | Killed a golden dragon
 40309 | Vaults:3 | Noticed Xtahua
 40314 | Vaults:3 | Killed Xtahua
 40314 | Vaults:3 | Reached skill level 10 in Crossbows
 40366 | Vaults:3 | Reached XP level 21. HP: 149/149 MP: 29/29
 40705 | Vaults:3 | Received a gift from Trog
 41474 | Vaults:3 | Noticed Frederick
 41497 | Vaults:3 | Killed Frederick
 42481 | Vaults:4 | Found Moudumul's Distillery.
 43323 | Vaults:4 | Received a gift from Trog
 43614 | Vaults:4 | Bought a potion of curing for 60 gold pieces
 43614 | Vaults:4 | Bought a potion of stabbing for 80 gold pieces
 43614 | Vaults:4 | Bought a potion of curing for 60 gold pieces
 43614 | Vaults:4 | Bought a potion of might for 80 gold pieces
 43614 | Vaults:4 | Bought a potion of invisibility for 160 gold pieces
 43614 | Vaults:4 | Bought a potion of might for 80 gold pieces
 43614 | Vaults:4 | Bought a potion of might for 80 gold pieces
 43614 | Vaults:4 | Bought a potion of heal wounds for 100 gold pieces
 43767 | Vaults:4 | Found a portal to a secret trove of treasure.
 44733 | Slime:1  | Entered Level 1 of the Pits of Slime
 45582 | Elf:1    | Entered Level 1 of the Elven Halls
 45751 | Elf:1    | Identified the +3 mace of a wizard's laboratory {flame,
                  | *Drain Str+3 Dex+5} (Trog gifted it to you on level 2 of
                  | the Vaults)
 45871 | Elf:1    | Noticed Roxanne
 45897 | Elf:1    | Killed Roxanne
 46007 | Elf:1    | Noticed Nikola
 46194 | Elf:1    | Killed Nikola
 46194 | Elf:1    | Reached XP level 22. HP: 156/156 MP: 30/30
 46455 | Elf:1    | Found Futruw's Gadget Shop.
 46508 | Elf:1    | Received a gift from Trog
 46508 | Elf:1    | Reached skill level 15 in Crossbows
 47302 | Elf:2    | Identified the ring "Voaxzam" {MR+ Dex+4 Stlth-}
 47396 | Elf:2    | Noticed Agnes
 47404 | Elf:2    | Killed Agnes
 48263 | Elf:2    | Found a runed translucent gate.
 48263 | Elf:2    | Found a runed translucent gate.
 48263 | Elf:2    | Found a runed translucent gate.
 48390 | Elf:2    | Reached skill level 22 in Fighting
 49082 | Depths:1 | Entered Level 1 of the Depths
 49147 | Depths:1 | Found a gateway to Hell.
 49183 | Depths:1 | Found a shattered altar of Ashenzari.
 49984 | Depths:1 | Received a gift from Trog
 50270 | Depths:1 | Got a heavily runed hat
 50446 | Depths:1 | Identified the +1 hat "Cesch" {rC- Int+4 Dex+4} (You found
                  | it on level 1 of the Depths)
 50493 | Depths:1 | Gained mutation: You possess an exceptional clarity of
                  | mind. [potion of mutation]
 50493 | Depths:1 | Gained mutation: You are somewhat resistant to further
                  | mutation. [potion of mutation]
 50500 | Depths:1 | Found a radiant altar of Vehumet.
 50501 | Depths:1 | Found the +2 hat of the Bear Spirit {Spirit, +Rage rN+
                  | MR++}
 50943 | Depths:1 | Found a one-way gate leading to the halls of Pandemonium.
 52084 | Depths:2 | Received a gift from Trog
 52181 | Depths:2 | Reached XP level 23. HP: 157/163 MP: 32/32
 52456 | Depths:2 | Noticed Bai Suzhen
 52546 | Depths:2 | Killed Bai Suzhen
 52612 | Depths:2 | Acquired the +0 pair of boots of Nuebluza {rC+ Regen+
                  | Int+3}
 52641 | Depths:2 | Acquired 2680 gold pieces
 52643 | Depths:2 | Acquired the +4 pair of gloves of the Echidna {rF++ Str+3}
 52692 | Depths:2 | Noticed the Enchantress
 52769 | Depths:2 | Killed the Enchantress
 52769 | Depths:2 | Received a gift from Trog
 53032 | Depths:2 | Got a transparent chain mail
 54287 | Depths:2 | Found a bloodstained altar of Trog.
 54524 | Depths:2 | Reached skill level 23 in Fighting
 54734 | Depths:3 | Noticed Mara
 54745 | Depths:3 | Noticed tkbsonic5's illusion
 54782 | Depths:3 | Found a one-way gate to the infinite horrors of the Abyss.
 55040 | Depths:3 | Received a gift from Trog
 55048 | Depths:3 | Noticed tkbsonic5's illusion
 55429 | Depths:3 | Noticed tkbsonic5's illusion
 55442 | Depths:3 | Noticed tkbsonic5's illusion
 55465 | Depths:3 | Killed Mara
 55754 | Depths:3 | Identified the cursed +1 chain mail "Kosirph" {MP+9 Str+4
                  | Int+3} (You found it on level 2 of the Depths)
 56041 | Depths:3 | Noticed Sojobo
 56385 | Depths:3 | Received a gift from Trog
 57660 | Shoals:3 | Bought a ration for 90 gold pieces
 57674 | Shoals:3 | Bought a lightning rod (4/4) for 640 gold pieces
 57674 | Shoals:3 | Bought a wand of acid (9) for 416 gold pieces
 57674 | Shoals:3 | Bought a wand of iceblast (4) for 128 gold pieces
 57674 | Shoals:3 | Bought a wand of paralysis (12) for 224 gold pieces
 57674 | Shoals:3 | Bought a box of beasts for 320 gold pieces
 57674 | Shoals:3 | Bought a phantom mirror for 480 gold pieces
 57842 | Snake:4  | Bought 2 scrolls of blinking for 300 gold pieces
 57988 | Shoals:3 | Bought a scroll of teleportation for 48 gold pieces
 57988 | Shoals:3 | Bought a scroll of teleportation for 48 gold pieces
 57988 | Shoals:3 | Bought a scroll of teleportation for 48 gold pieces
 57988 | Shoals:3 | Bought a scroll of blinking for 120 gold pieces
 57988 | Shoals:3 | Bought a scroll of magic mapping for 56 gold pieces
 57988 | Shoals:3 | Bought a scroll of identify for 32 gold pieces
 57988 | Shoals:3 | Bought a scroll of identify for 32 gold pieces
 58536 | Depths:3 | Noticed a caustic shrike
 58536 | Depths:3 | Noticed a caustic shrike
 58556 | Depths:3 | Killed a caustic shrike
 58568 | Depths:3 | Killed a caustic shrike
 58568 | Depths:3 | Reached XP level 24. HP: 157/172 MP: 29/33
 58792 | Depths:3 | Killed Sojobo
 59562 | Depths:4 | Cast into level 2 of the Abyss (tengu warrior)
 59623 | Depths:4 | Escaped the Abyss
 60189 | Depths:4 | Received a gift from Trog
 60464 | Depths:4 | Found a corrupted altar of Lugonu.
 60565 | Depths:4 | Found a glowing golden altar of the Shining One.
 60675 | Depths:5 | Entered Level 5 of the Depths
 60991 | Slime:2  | Found a viscous altar of Jiyva.
 61303 | Slime:5  | Entered Level 5 of the Pits of Slime
 61735 | Slime:4  | Gained mutation: Armour fits poorly on your strangely
                  | shaped body. [a shining eye]
 62079 | Slime:5  | Gained mutation: You are frail. (-10% HP) [a shining eye]
 62122 | Slime:5  | Found a viscous altar of Jiyva.
 62128 | Slime:5  | Reached skill level 24 in Fighting
 62134 | Slime:5  | Noticed the Royal Jelly
 62160 | Slime:5  | Killed the Royal Jelly
 62802 | Slime:5  | Got a slimy falchion
 62822 | Slime:5  | Identified the +8 falchion of Midwinter {holy, MR+ Str+7
                  | Int-2 SInv} (You found it on level 5 of the Pits of Slime)
 62824 | Slime:5  | Got a warped brass ring
 62857 | Slime:5  | Got a slimy rune of Zot
 62865 | Slime:5  | Got a smoking crystal amulet
 62879 | Slime:5  | Identified the amulet of Osafeimn {Faith +Inv rElec Slay+5
                  | Stlth-} (You found it on level 5 of the Pits of Slime)
 63026 | Slime:4  | Received a gift from Trog
 63405 | Depths:5 | Found a gateway to a ziggurat.
 63430 | Zig:1    | Entered Level 1 of a ziggurat
 63585 | Depths:5 | Noticed a caustic shrike
 63610 | Depths:5 | Noticed a caustic shrike
 63610 | Depths:5 | Noticed a caustic shrike
 63611 | Depths:5 | Noticed a caustic shrike
 63612 | Depths:5 | Noticed a caustic shrike
 63628 | Depths:4 | Killed a caustic shrike
 63631 | Depths:4 | Killed a caustic shrike
 63631 | Depths:4 | Reached XP level 25. HP: 77/160 MP: 12/34
 64210 | Depths:5 | Found Losuse's Weapon Shoppe.
 64276 | Depths:5 | Reached skill level 15 in Evocations
 64515 | Depths:5 | Identified the ring of Generosity {rPois Int+4 Dex+3
                  | Stlth-} (You found it on level 5 of the Pits of Slime)
 64730 | Depths:5 | Found a gate to the Realm of Zot.
 65276 | Zot:1    | Entered Level 1 of the Realm of Zot
 65620 | Zot:1    | Identified the +4 dragonskin cloak
 65620 | Zot:1    | Noticed Tiamat
 65676 | Zot:1    | Killed Tiamat
 66675 | Zot:2    | Reached XP level 26. HP: 160/168 MP: 34/34
 66683 | Zot:2    | Received a gift from Trog
 66824 | Zot:2    | Reached skill level 25 in Fighting
 68572 | Zot:3    | Noticed a Killer Klown
 68573 | Zot:3    | Noticed a Killer Klown
 68606 | Zot:3    | Killed a Killer Klown
 68606 | Zot:3    | Received a gift from Trog
 68617 | Zot:3    | Killed a Killer Klown
 69480 | Zot:4    | Reached skill level 15 in Dodging
 69575 | Zot:5    | Entered Level 5 of the Realm of Zot
 69946 | Zot:4    | Reached XP level 27. HP: 172/174 MP: 34/35
 71319 | Zot:5    | Received a gift from Trog
 71350 | Zot:5    | Noticed an ancient lich
 71363 | Zot:5    | Killed an ancient lich
 71363 | Zot:5    | Reached skill level 26 in Fighting
 71368 | Zot:5    | Noticed an orb of fire
 71378 | Zot:5    | Killed an orb of fire
 71380 | Zot:5    | Noticed an orb of fire
 71383 | Zot:5    | Noticed an orb of fire
 71400 | Zot:5    | Killed an orb of fire
 71411 | Zot:5    | Killed an orb of fire
 71686 | Zot:5    | Noticed an orb of fire
 71705 | Zot:5    | Killed an orb of fire
 71844 | Zot:5    | Got the Orb of Zot
 71869 | Zot:5    | Noticed an ancient lich
 71883 | Zot:5    | Killed an ancient lich
 72286 | Depths:1 | Noticed Olafao the pandemonium lord
 72286 | Depths:1 | Noticed an ancient lich
 72591 | D:$      | Escaped with the Orb!

Illustrated notes

Levels and vault maps discovered:
D:1:      enne_arrival_octagon_isle, layout_basic
D:2:      layout_rooms
D:3:      minmay_angry_zag, layout_rooms, grunt_temple_overflow_open
D:4:      layout_loops_cross, okawaru_metal_pillars_1_2, serial_shops,
          shop_coins, uniq_crazy_yiuf_cottage, uniq_sigmund, uniq_grinder,
          uniq_blork_the_orc
D:5:      layout_basic, temple_statues, serial_shops, nicolae_shop_trees,
          first_ration
D:6:      layout_loops_corners, palyth_stone_intersect,
          nicolae_tso_besieged_by_evil
D:7:      layout_basic, basic_altar, enter_bailey_3
D:8:      layout_basic, serial_shops, shop
D:9:      layout_gridville, uniq_joseph, uniq_grum
D:10:     layout_roguey, blue_anna_alchemist [blue_anna_fruit_fields,
          blue_anna_fruit_fields], roderic_roman_lattice
D:11:     minmay_chambers_of_sixes, layout_rooms, erik_lair_dragon, uniq_urug,
          uniq_maurice
D:12:     layout_basic, orc_0_dummy, lightli_fourway_metalbox, uniq_sonja,
          uniq_josephine, uniq_azrael
D:13:     layout_stronghold, erik_vaults_1, gauntlet_entry_generic,
          serial_shops, kennysheep_mini, shop, shop, lemuel_flame_loot_1
D:14:     kennysheep_spiral_hall, layout_irregular_city, basic_altar
D:15:     hangedman_depths_entry_civil_slaughter, layout_long_grid,
          nicolae_ru_the_path_less_chosen
Lair:1:   layout_misc_corridors, maelrawn_ghost_gauntlet_escape,
          beast_lair_carwin_9
Lair:2:   layout_layer_cave, beast_lair_carwin_7
Lair:3:   layout_roguey
Lair:4:   layout_roguey, shoals_dummy_entry, minmay_snake_entry_guardpost_small
Lair:5:   layout_hall_layers, slime_altar_1, portal_ice_cave_entry_imps
Lair:6:   cheibrodos_lair_end_hotspot, layout_regular_city,
          serial_bayou_crossing, uniq_kirke
Shoals:1: layout_shoals
Shoals:2: cheibrodos_shoals_oceanic_diplomacy, layout_shoals, uniq_ilsuiw
Shoals:3: layout_shoals, serial_shops, nicolae_shop_stone, nicolae_shop_stone,
          nicolae_shop_stone, shop_statue, shop_coins, uniq_polyphemus
Shoals:4: shoals_end_grunt_garden, layout_shoals, shoals_ilsuiw_ice, uniq_aizul,
          uniq_louise
Snake:1:  layout_onion, st_stairs_2, nicolae_snake_shapes, serial_bayou_shore_a,
          grunt_megastairs_2
Snake:2:  layout_basic, grunt_megastairs_1
Snake:3:  layout_onion_interference
Snake:4:  snake_hunt, layout_basic, serial_shops, shop, st_stairs_14,
          nicolae_snake_double_loop
Slime:1:  cheibrodos_slime_lost_civilization_10, layout_caves
Slime:2:  layout_caves, basic_altar
Slime:3:  layout_caves, uniq_donald
Slime:4:  layout_caves, cheibrodos_slime_lost_civilization_7
Slime:5
Orc:1:    layout_caves, basic_altar, serial_shops, nicolae_shop_behind_doors
Orc:2:    st_orc_rangers, layout_caves
Elf:1:    minmay_elf_arrival_plus, layout_geoelf_octagon, serial_shops,
          nicolae_shop_temple_entry_statues_fountains, hangedman_elf_disciples,
          minivault_25, uniq_roxanne, uniq_nikola
Elf:2:    layout_geoelf_grid, uniq_agnes
Vaults:1: v_misc_18, nicolae_vaults_little_squares_1, v_alt_pattern_4,
          vaults_room_pools, v_misc_22, layout_vaults_omnigrid
Vaults:2: v_misc_8, nicolae_vaults_ring_of_whatevers, st_greater_box_3,
          v_misc_11, vaults_room_large_hall, minmay_crypt_entry_simple_sparse,
          serial_ice_g, vaults_mumra_chevron_long, ontoclasm_vaults_idyll,
          layout_vaults_maze_snakey
Vaults:3: st_octagons_1, v_misc_2, grunt_vaults_focal, v_pattern_4,
          hangedman_vaults_unwind, grunt_vaults_hallway_long,
          nicolae_vaults_windows_and_doors_thing, hangedman_vaults_trim,
          v_misc_14, layout_vaults_big_room, uniq_frederick, uniq_xtahua
Vaults:4: hangedman_vaults_river_flow, vaults_room_pools,
          hangedman_vaults_restitches, vaults_mumra_minichess,
          hangedman_vaults_trim, grunt_vaults_diagonal, dpeg_vaults_monster_box,
          v_misc_15, vaults_room_ringed_pool, v_misc_23, ontoclasm_vaults_spin,
          nicolae_vaults_angled_halls, vaults_room_hallway, layout_vaults_ring,
          serial_shops, shop_statue, enter_trove_2
Depths:1: layout_basic, hell_entry, rand_demon_pan_entry_4,
          evilmike_ruin_ashenzari, nicolae_two_hexagons, grunt_tower_of_power
Depths:2: spriggan_forest, hell_entry, uniq_bai_suzhen
Depths:3: thingy_vault, layout_cave_pools, abyss_entry,
          hangedman_abyss_or_decor_passed, pf_coc_iceberg,
          rand_demon_pan_entry_8, grunt_megastairs_3,
          infiniplex_staircase_zigzag_1, uniq_mara, uniq_sojobo
Depths:4: wander_protected_by_tso, layout_cave_pools, hell_entry,
          abyss_entry_flame_altar, laboratory
Depths:5: grunt_zot_entry_bicorn, layout_cave_shapes, enter_ziggurat_e,
          grunt_hell_entry_dis_grunt, minmay_misc_feat_x, serial_shops, shop,
          nicolae_water_bricks, minmay_curled_crystal
Zot:1:    layout_gridlike, uniq_tiamat
Zot:2:    layout_twisted_circle, guppyfry_library_mini
Zot:3:    grunt_zot_stairs_faceoff, layout_basic
Zot:4:    layout_gridville
Zot:5:    layout_basic

Skill      XL: |  1  2  3  4  5  6  7  8  9 10 11 12 13 14 15 16 17 18 19 20 21 22 23 24 25 26 27 |
---------------+----------------------------------------------------------------------------------+-----
Fighting       | 4 5 6 7 8 10 13 14 15 16 17 18 19 20 21 22 23 24 25 26 | 26.5
Maces & Flails | 3 |  3.8
Short Blades   | 2 3 4 6 8 9 |  9.8
Throwing       | 1 2 5 6 8 9 10 11 12 14 | 14.2
Dodging        | 3 5 7 8 9 10 11 12 13 14 15 | 15.6
Armour         | 6 8 9 11 12 13 14 15 16 17 18 | 18.5
Evocations     | 2 4 5 6 8 9 10 11 12 13 14 15 17 18 | 18.2
Long Blades    | 1 4 6 |  6.4
Crossbows      | 2 4 6 9 10 14 16 17 18 | 18.0
Stealth        | 2 6 8 9 |  9.0
Shields        | |  3.2
Spellcasting   | |  0.8

Action                   |  1- 3 |  4- 6 |  7- 9 | 10-12 | 13-15 | 16-18 | 19-21 | 22-24 | 25-27 || total
-------------------------+-------+-------+-------+-------+-------+-------+-------+-------+-------++-------
Melee: Dagger            |    88 |    78 |       |       |       |       |       |       |       ||   166
       Flail             |     9 |       |       |       |       |       |       |       |       ||     9
       Pair of quick bla |       |     7 |   277 |   490 |  1051 |  1823 |  1223 |  1181 |  1717 ||  7769
       Falchion          |       |       |       |       |       |    55 |       |     6 |       ||    61
       Quick blade       |       |       |       |       |       |   178 |  1276 |  2069 |       ||  3523
       Great sword       |       |       |       |       |       |     6 |       |       |       ||     6
       Long sword        |       |       |       |       |       |       |       |    22 |       ||    22
       Short sword       |       |       |       |       |       |       |       |     6 |       ||     6
 Fire: Arbalest          |       |       |       |       |       |    23 |   293 |   413 |       ||   729
Throw: Boomerang         |       |     2 |     6 |     4 |   143 |    59 |   184 |    81 |   102 ||   581
       Javelin           |       |       |       |    54 |    95 |       |       |    66 |    86 ||   301
       Dart              |       |       |       |    13 |     2 |    20 |    33 |    17 |       ||    85
       Throwing net      |       |       |       |       |     1 |       |       |     4 |       ||     5
Invok: Berserk           |       |       |       |     1 |     2 |     4 |     9 |     6 |     6 ||    28
       Trog's Hand       |       |       |       |     1 |     4 |     6 |     6 |     8 |     7 ||    32
       Brothers in Arms  |       |       |       |       |     5 |     5 |     7 |     5 |     4 ||    26
 Abil: Fly               |       |       |       |       |       |     1 |       |       |       ||     1
       Evoke Invisibilit |       |       |       |       |       |       |       |       |     4 ||     4
Evoke: Wand              |       |     1 |     2 |    17 |    16 |    80 |    72 |    37 |    91 ||   316
       Phial of floods   |       |       |       |       |       |       |       |     2 |     8 ||    10
       Tin of tremorston |       |       |       |       |       |       |       |     3 |    16 ||    19
       Lightning rod     |       |       |       |       |       |       |       |     3 |    10 ||    13
       Box of beasts     |       |       |       |       |       |       |       |     1 |     2 ||     3
       Phantom mirror    |       |       |       |       |       |       |       |     1 |     1 ||     2
  Use: Scroll            |     3 |     4 |     9 |     8 |    15 |    15 |    19 |    24 |    23 ||   120
       Potion            |       |     5 |     1 |       |     2 |     6 |     4 |    14 |    20 ||    52
 Stab: Paralysed         |       |       |       |     5 |       |       |       |       |     9 ||    14
       Confused          |       |       |       |       |     1 |       |       |       |       ||     1
       Held in net/web   |       |       |       |       |     1 |       |       |       |       ||     1
       Distracted        |       |       |       |       |       |     3 |     1 |     2 |     1 ||     7
       Sleeping          |       |       |       |       |       |     4 |       |       |    14 ||    18
       Petrified         |       |       |       |       |       |       |     3 |       |       ||     3
       Invisible         |       |       |       |       |       |       |       |       |     5 ||     5
  Eat: Chunk             |       |     2 |     2 |     4 |    10 |    13 |    15 |    11 |    11 ||    68
       Ration            |       |       |     3 |     6 |     8 |     6 |    14 |    17 |     9 ||    63
Armor: Scale mail        |    45 |    41 |    63 |    17 |       |       |       |       |       ||   166
       Ring mail         |       |       |       |     9 |       |       |       |       |       ||     9
       Plate armour      |       |       |       |    64 |       |    63 |  1034 |  1611 |   760 ||  3532
       Chain mail        |       |       |       |    34 |   245 |       |       |       |       ||   279
       Troll leather arm |       |       |       |       |    79 |   598 |    95 |       |       ||   772
       Skin              |       |       |       |       |       |     3 |       |       |       ||     3
Dodge: Dodged            |    49 |    33 |   110 |   128 |   437 |   921 |   848 |  1181 |   390 ||  4097
Block: Kite shield       |    52 |    37 |       |       |       |       |       |       |       ||    89
       Rpst.: Falchion   |       |       |       |       |       |    11 |       |     3 |       ||    14
       Long sword        |       |       |       |       |       |       |       |     1 |       ||     1
